 Dungeon Crawl Stone Soup version 0.31.0-7-gf635a9b802 (webtiles) character file.

Game seed: 8092692642554088069

115 Armakuni the Ducker (level 4, -5/28 HPs)
             Began as a Deep Elf Monk on Jan 23, 2024.
             Incinerated by a bombardier beetle (10 damage)
             ... with a burning spray
             ... on level 3 of the Dungeon.
             The game lasted 00:06:02 (2164 turns).

Armakuni the Ducker (Deep Elf Monk)                 Turns: 2164, Time: 00:06:03

Health: -5/28      AC:  9    Str: 10    XL:     4   Next: 68%
Magic:  6/6        EV: 11    Int: 15    God:
Gold:   122        SH:  0    Dex: 17    Spells: 3/3 levels left

rFire   . . .        b - +0 arbalest
rCold   . . .        (shield currently unavailable)
rNeg    . . .        m - quicksilver dragon scales
rPois   .            (no helmet)
rElec   .            (no cloak)
rCorr   .            (no gloves)
SInv    .            (no boots)
Will    +....        (no amulet)
Stlth   +            (no ring)
HPRegen 0.24/turn    (no ring)
MPRegen 0.10/turn

%: no passive effects
@: on fire, glowing
A: no striking features
a: no special abilities


You were on level 3 of the Dungeon.
You visited 1 branch of the dungeon, and saw 3 of its levels.

You collected 122 gold pieces.

Inventory:

Hand Weapons
 a - a +0 falchion
 b - a +0 arbalest (weapon)
Armour
 d - an orb of light
 m - quicksilver dragon scales (worn)
Scrolls
 l - 2 scrolls of identify
Potions
 f - a potion of cancellation
 j - a potion of magic
 X - a potion of mutation


   Skills:
 + Level 3.5 Fighting
 - Level 3.0 Long Blades
 + Level 3.2 Ranged Weapons
 + Level 0.9 Armour
 - Level 3.6 Dodging


You had 3 spell levels left.
You didn't know any spells.
Your spell library contained the following spells:

 Spells                   Type           Power      Damage    Failure   Level
 Gell's Gravitas          Tloc           0%         N/A       90%         3
 Summon Ice Beast         Ice/Summ       0%         N/A       90%         3
 Teleport Other           Tloc           0%         N/A       90%         3
 Summon Mana Viper        Hex/Summ       0%         N/A       100%        5
 Dispersal                Tloc           0%         N/A       100%        6
 Monstrous Menagerie      Summ           0%         N/A       100%        7


Dungeon Overview and Level Annotations

Branches:
Dungeon (3/15)

Altars:


Message History

* * * LOW HITPOINT WARNING * * *
The bombardier beetle attacks as it pursues you!
The bombardier beetle bites you but does no damage.
You shake off the liquid fire.
The kobold throws a stone.
The stone closely misses you.
Non-targeted confused fire: b) +0 arbalest
Press: ? - help, Q - select action Dir - look around, f - activate
Okay, then.
The bombardier beetle bites you but does no damage.
You barely miss the bombardier beetle.
The bombardier beetle is severely wounded.
You feel less invigorated.
You feel less confused. The kobold closely misses you.
The bombardier beetle sprays incendiary fluid at you.
The burning spray hits you.
You are covered in liquid fire!
Fire: b) +0 arbalest
Press: ? - help, Q - select action Shift-Dir - straight line, p - bombardier beetle You shoot a bolt.
The bolt closely misses the bombardier beetle.
The liquid fire burns you! The kobold hits you with a +0 whip.
The kobold hits you but does no damage.
The bombardier beetle bites you but does no damage.
Fire: b) +0 arbalest
Press: ? - help, Q - select action Shift-Dir - straight line, f - kobold
Aim: a kobold, wielding a +0 whip and quivering stones (47% to hit)
You shoot a bolt. The bolt hits the kobold!
You kill the kobold!
The liquid fire burns you!
* * * LOW HITPOINT WARNING * * *
The bombardier beetle bites you but does no damage.
Fire: b) +0 arbalest
Press: ? - help, Q - select action Shift-Dir - straight line, f - bombardier beetle
Aim: a bombardier beetle (severely wounded, 68% to hit)
You shoot a bolt.
The bolt hits the bombardier beetle but does no damage.
The bombardier beetle is severely wounded.
The liquid fire burns you!
You die...

..................
.#.....####.##..
#####.#.###..##..
####.....#.....###..
#.....#..#..#### #..
#..###.#..#...# .
##...#.####.###
##...##.# #...#
##.)@.#..# ###.## ##
#..B.##.## #..###
#..#...## . ##...##
#....### ###...
#.#### #### #


You could see a bombardier beetle.

Vanquished Creatures
  4 adders
  A ribbon worm (D:3)
  2 dart slugs
  3 orcs (D:3)
  8 ball pythons
  7 endoplasms
  3 giant cockroaches
  5 goblins
  6 hobgoblins
  4 jackals (D:1)
  6 kobolds
  2 quokkas (D:1)
  3 bats
  4 frilled lizards (D:1)
  7 rats
65 creatures vanquished.

Notes
Turn   | Place    | Note
-------+----------+-------------------------------------------
     0 | D:1      | Armakuni the Deep Elf Monk began the quest for the Orb.
     0 | D:1      | Reached XP level 1. HP: 13/13 MP: 3/3
    21 | D:1      | You fall into a shaft and drop 1 floor!
   111 | D:2      | Reached XP level 2. HP: 16/18 MP: 4/4
   306 | D:1      | Reached skill level 1 in Ranged Weapons
   705 | D:1      | Reached XP level 3. HP: 23/23 MP: 5/5
  1819 | D:2      | Reached XP level 4. HP: 28/28 MP: 6/6
  2164 | D:3      | Incinerated by a bombardier beetle

Illustrated notes

Levels and vault maps discovered:
D:1:      minmay_arrival_glassed_features, layout_basic,
          hangedman_abyss_or_decor_lesser_grid, minmay_liquid_box,
          nicolae_figureground_sparkle
D:2:      layout_basic, st_stairs_13
D:3:      minmay_evil_eye, layout_rooms, gammafunk_temple_overflow_wave,
          amcnicky_mini_pool_small, chequers_serial_rivers_micro_e

Skill      XL: |  1  2  3  4 |
---------------+-------------+-----
Long Blades    | 3 |  3.0
Ranged Weapons | 1 2 3 |  3.2
Fighting       | 3 |  3.5
Armour         | |  0.9
Dodging        | |  3.6

Action                     |  1- 3 |  4- 6 || total
---------------------------+-------+-------++-------
  Melee: Falchion          |    95 |       ||    95
         Arbalest          |       |     1 ||     1
   Fire: Arbalest          |     8 |    39 ||    47
    Use: Scroll            |    10 |     1 ||    11
         Potion            |       |     2 ||     2
 Armour: Robe              |    41 |       ||    41
         Leather armour    |     5 |       ||     5
         Quicksilver drago |       |    14 ||    14
  Dodge: Dodged            |    65 |    15 ||    80
